 Dungeon Crawl Stone Soup version 0.31.0-11-ge490571c62 (webtiles) character file.

Game seed: 12528017629198600679

59 Arcadio the Trooper (level 4, -1/49 HPs)
             Began as an Oni Delver on Jan 26, 2024.
             Slain by an orc wizard
             ... wielding a +0 dagger
              (2 damage)
             ... on level 5 of the Dungeon.
             The game lasted 00:00:42 (35 turns).

Arcadio the Trooper (Oni Delver)                      Turns: 35, Time: 00:00:43

Health: -1/49      AC:  3    Str: 18    XL:     4   Next: 3%
Magic:  4/4        EV: 10    Int: 11    God:
Gold:   0          SH:  0    Dex: 10    Spells: 3/3 levels left

rFire   . . .        i - +0 triple crossbow
rCold   . . .        (shield currently unavailable)
rNeg    . . .        b - +0 robe
rPois   .            (helmet restricted)
rElec   .            (no cloak)
rCorr   .            (gloves unavailable)
SInv    .            (boots unavailable)
Will    .....        (no amulet)
Stlth   ++           (no ring)
HPRegen 0.28/turn    (no ring)
MPRegen 0.09/turn

%: no passive effects
@: no status effects
A: large, unfitting armour, horns 1, tough skin 1, double potion healing,
drunken brawling
a: no special abilities


You were on level 5 of the Dungeon.
You visited 1 branch of the dungeon, and saw 1 of its levels.

Inventory:

Hand Weapons
 a - a +0 mace
 i - a +0 triple crossbow (weapon)
Armour
 b - a +0 robe (worn)
 h - a +2 pair of gloves
Wands
 g - a wand of digging (3)
Scrolls
 c - a scroll of fog
 d - a scroll of revelation
 e - a scroll of fear
Potions
 f - a potion of haste


   Skills:
 + Level 4.9 Fighting
 + Level 2.8 Maces & Flails
 + Level 2.5 Dodging
 - Level 3.7 Stealth


You had 3 spell levels left.
You didn't know any spells.
Your spell library was empty.

Dungeon Overview and Level Annotations

Branches:
Dungeon (5/15)
 Temple: D:4-7

Altars:


Innate Abilities, Weirdness & Mutations

You are too large for most types of armour.
You have a pair of small horns on your head.
You have tough skin. (AC +1)
You gain doubled healing and magic from potions.
Whenever you drink a healing potion, you attack all around you.


Message History

The orc wizard flickers and vanishes!
Deactivating autopickup; reactivate with Ctrl-A.
The hound bites you. The hound attacks as it pursues you! The hound bites you.
The hound bites you but does no damage.
You shoot a bolt. The bolt barely misses the hound.
The hound barely misses you. The orc hits you with a +0 falchion!
The hound bites you. x2
You shoot a bolt. The bolt hits the hound!
The hound is severely wounded.
The hound closely misses you. The orc closely misses you.
The hound barely misses you.
You hear some strange, mumbled words.
Something tries to affect you, but you resist.
The orc hits you with a +0 falchion. The hound closely misses you.
The hound attacks as it pursues you! The hound barely misses you.
The hound stops to sniff the ground.
The hound bites you but does no damage. The orc hits you with a +0 falchion.
You shoot a bolt. The bolt closely misses the orc.
The bolt hits the withered plant but does no damage.
The orc barely misses you. The hound misses you.
The orc hits you but does no damage.
You shoot a bolt. The bolt hits the orc!
You kill the orc!
The hound bites you. The hound closely misses you. The hound barely misses you.
Something hits you. The hound closely misses you.
You shoot a bolt. The bolt closely misses the hound.
The hound bites you. Something hits you.
* * * LOW HITPOINT WARNING * * *
The hound bites you.
* * * LOW HITPOINT WARNING * * *
Something hits you.
* * * LOW HITPOINT WARNING * * *
The hound bites you.
* * * LOW HITPOINT WARNING * * *
You shoot a bolt. The bolt misses the hound.
The hound bites you.
* * * LOW HITPOINT WARNING * * *
Something hits you.
You die...

.. ... . )..# ###..#.#
###
....#########8...#.##..#
.......@)....P8P.......#
....).h##............#.#
######..h..............#
##................#
#................#
##...........>....#
##.................#
#.....[............#
....#................#


You could see a hound.

Vanquished Creatures
  2 orc priests (D:5)
  An orc (D:5)
3 creatures vanquished.

Notes
Turn   | Place    | Note
-------+----------+-------------------------------------------
     0 | D:5      | Arcadio the Oni Delver began the quest for the Orb.
     0 | D:5      | Reached XP level 1. HP: 24/24 MP: 1/1
    12 | D:5      | Identified the +2 chain mail of Defiance {rPois rN+ Int+3
                  | Stlth+}
    18 | D:5      | Noticed an orc priest
    19 | D:5      | Killed an orc priest
    20 | D:5      | Reached XP level 2. HP: 33/33 MP: 2/2
    20 | D:5      | Reached XP level 3. HP: 40/40 MP: 3/3
    24 | D:5      | Reached XP level 4. HP: 41/49 MP: 4/4
    34 | D:5      | HP: 2/49 [hound (1)]
    35 | D:5      | Slain by an orc wizard

Illustrated notes

Levels and vault maps discovered:
D:5:      layout_rooms, vehumet_crystals, minmay_temple_entry_enclosed_plants,
          serial_undead, serial_undead_c, serial_undead_b, serial_undead_f,
          serial_undead_a, minivault_4, uniq_eustachio

Skill      XL: |  1 |
---------------+----+-----
Dodging        | 2 |  2.5
Fighting       | |  4.9
Maces & Flails | |  2.8
Stealth        | |  3.7

Action                     |  1- 3 |  4- 6 || total
---------------------------+-------+-------++-------
   Fire: Triple crossbow   |     4 |     8 ||    12
 Armour: Robe              |       |    20 ||    20
  Dodge: Dodged            |       |    11 ||    11
